 Dungeon Crawl Stone Soup version 0.29-a0-892-g2c4c91d9db (webtiles) character file.

Game seed: 3722443883559315665

124 sanka the Conjurer (level 5, -7/37 HPs)
             Began as a Gnoll Conjurer on July 22, 2022.
             Mangled by Edmund
             ... wielding a +1 flail of protection
              (9 damage)
             ... on level 4 of the Dungeon.
             The game lasted 00:03:00 (3199 turns).

sanka the Conjurer (Gnoll Conjurer)                 Turns: 3199, Time: 00:03:00

Health: -7/37      AC:  6    Str:  6    XL:     5   Next: 8%
Magic:  12/12      EV: 13    Int: 19    God:
Gold:   132        SH:  0    Dex: 11    Spells: 11/14 levels left

rFire   . . .      SeeInvis .   p - +0 war axe
rCold   . . .      Faith    .   (no shield)
rNeg    . . .      Spirit   .   a - +0 robe
rPois   +          Reflect  .   (no helmet)
rElec   .          Harm     .   (no cloak)
rCorr   .          Rampage  .   (no gloves)
Will    .....                   (no boots)
Stlth   ++........              (no amulet)
HPRegen 0.12/turn               m - ring of poison resistance
MPRegen 0.13/turn               l - +4 ring of protection

@: no status effects
A: fangs 1, strong nose, distributed training, hooves 1
a: no special abilities


You were on level 4 of the Dungeon.
You visited 1 branch of the dungeon, and saw 4 of its levels.

You collected 132 gold pieces.


Innate Abilities, Weirdness & Mutations

You have very sharp teeth.
Your uncanny sense of smell can sniff out nearby items.
Your experience applies equally to all skills.
You have large cloven feet.


   Skills:
 + Level 1.4 Fighting
 + Level 1.4 Short Blades
 + Level 1.4 Long Blades
 + Level 1.4 Axes
 + Level 1.4 Maces & Flails
 + Level 1.4 Polearms
 + Level 1.4 Staves
 + Level 1.4 Ranged Weapons
 + Level 1.4 Throwing
 + Level 1.4 Armour
 + Level 4.7 Dodging
 + Level 4.3 Stealth
 + Level 1.4 Shields
 + Level 1.4 Unarmed Combat
 + Level 5.1 Spellcasting
 + Level 7.2 Conjurations
 + Level 1.1 Hexes
 + Level 1.1 Summonings
 + Level 1.1 Necromancy
 + Level 1.1 Translocations
 + Level 1.1 Transmutations
 + Level 1.1 Fire Magic
 + Level 1.1 Ice Magic
 + Level 1.1 Air Magic
 + Level 1.1 Earth Magic
 + Level 1.1 Poison Magic
 + Level 1.5 Invocations
 + Level 1.4 Evocations


You had 11 spell levels left.
You knew the following spells:

 Your Spells              Type           Power      Damage    Failure   Level
x - Searing Ray           Conj           64%        2d6       1%          2
z - Magic Dart            Conj           100%       1d8       1%          1

Your spell library contained the following spells:

 Spells                   Type           Power      Damage    Failure   Level
 Dazzling Flash           Conj/Hex       40%        N/A       7%          3
 Fulminant Prism          Conj/Hex       10%        3d9       22%         4
 Iskenderun's Mystic Bla  Conj/Tloc      20%        2d6       22%         4

Inventory:

Hand Weapons
 p - a +0 war axe (weapon)
Armour
 a - a +0 robe (worn)
Magical Staves
 r - a staff of fire
Jewellery
 l - a +4 ring of protection (right hand)
 m - a ring of poison resistance (left hand)
Scrolls
 c - 4 scrolls of identify {unknown}
 i - a scroll of magic mapping {unknown}
 k - a scroll of brand weapon {unknown}
 q - a scroll of teleportation {unknown}
 s - a scroll of noise {unknown}
 t - 2 scrolls of enchant weapon {unknown}
 u - a scroll of immolation {unknown}
Potions
 d - a potion of lignification {unknown}
 e - 2 potions of mutation {!q}
 f - 3 potions of heal wounds {unknown}
 g - a potion of curing {unknown}
 h - a potion of berserk rage {unknown}
 j - a potion of flight {unknown}
 n - a potion of attraction {unknown}
 o - a potion of cancellation {unknown}

Dungeon Overview and Level Annotations

Branches:
Dungeon (4/15)
 Temple: D:4-7

Altars:
Zin

Annotations:
D:4 Edmund

.. ▒.....▒▒▒▒+
...▒▒▒▒▒▒▒▒▒▒▒..........
..................<....
.......................
...▒▒▒▒.▒▒▒.▒▒.....▒..
▒.▒ ▒.▒▒.....▒
∆▒▒▒▒.▒▒▒.▒▒.....▒▒▒▒
+....................
▒▒▒▒▒.....g@.........
▒.....▒▒▒▒▒▒▒▒....
▒.....▒ .... ▒.....▒ ∆..
▒.....▒ ∆ . ▒..[..▒ ∆
▒.....▒ ▒.....▒ ▒.....▒


You could see Edmund.


Message History

The searing ray hits Edmund!
Edmund is severely wounded.
Edmund hits you with a +1 flail of protection.
* * * LOW HITPOINT WARNING * * *
The searing ray hits Edmund but does no damage.
Edmund is severely wounded.
You finish channelling your searing ray.
Edmund says, "Everyone always remembers my brother. 'Who's Edmund?' they ask!"
Edmund hits you with a +1 flail of protection.
* * * LOW HITPOINT WARNING * * *
Aiming: Searing Ray (safe; 1% risk of failure)
Aim: Edmund, wielding a +1 flail of protection and wearing a +0 scale mail (severely wounded, 83% to hit)
The searing ray hits Edmund!
Edmund is almost dead. (Press . to maintain the ray.) Edmund hits you with a +1 flail of protection.
* * * LOW HITPOINT WARNING * * *
You barely miss Edmund.
Edmund is almost dead.
Edmund hits you with a +1 flail of protection!
* * * LOW HITPOINT WARNING * * *
It was a potion of mutation.
You feel extremely strange.
You feel clever.
You feel stupid.
Your feet thicken and deform.
Edmund closely misses you. Magic courses through your body.
Edmund hits you with a +1 flail of protection!
You die...

Action                   |  1- 3 |  4- 6 || total
-------------------------+-------+-------++-------
Melee: War axe           |       |    11 ||    11
 Cast: Magic Dart        |    65 |    30 ||    95
       Searing Ray       |       |     4 ||     4
  Use: Potion            |       |     2 ||     2
Armor: Robe              |     1 |     2 ||     3
Dodge: Dodged            |       |    17 ||    17

Levels and vault maps discovered:
D:1:      ncdulo_watergridlock, layout_loops_ring,
          dreamdust_ecumenical_altar_statues, minmay_tetromino_i2
D:2:      layout_basic, minmay_shallow_snake_nest
D:3:      layout_loops_ring, zin_angel, serial_glass, glass_columns_b,
          glass_columns_b, wander_ebering_terrifying_dragon_lair
D:4:      layout_basic, pf_just_have_faith, feat_on_display, uniq_edmund,
          uniq_robin

Notes
Turn   | Place    | Note
-------+----------+-------------------------------------------
     0 | D:1      | sanka the Gnoll Conjurer began the quest for the Orb.
     0 | D:1      | Reached XP level 1. HP: 13/13 MP: 6/6
    77 | D:1      | Found a faded altar of an unknown god.
   135 | D:1      | Reached XP level 2. HP: 19/19 MP: 3/7
   945 | D:2      | Reached skill level 5 in Spellcasting
   945 | D:2      | Reached XP level 3. HP: 25/25 MP: 3/9
  1409 | D:2      | Reached skill level 1 in Invocations
  1736 | D:2      | Reached skill level 1 in Fighting
  1736 | D:2      | Reached skill level 1 in Short Blades
  1736 | D:2      | Reached skill level 1 in Long Blades
  1736 | D:2      | Reached skill level 1 in Axes
  1736 | D:2      | Reached skill level 1 in Maces & Flails
  1736 | D:2      | Reached skill level 1 in Polearms
  1736 | D:2      | Reached skill level 1 in Staves
  1736 | D:2      | Reached skill level 1 in Ranged Weapons
  1736 | D:2      | Reached skill level 1 in Throwing
  1736 | D:2      | Reached skill level 1 in Armour
  1736 | D:2      | Reached skill level 1 in Shields
  1736 | D:2      | Reached skill level 1 in Unarmed Combat
  1736 | D:2      | Reached skill level 1 in Evocations
  1936 | D:2      | Learned a level 2 spell: Searing Ray
  2306 | D:3      | Reached XP level 4. HP: 32/32 MP: 9/11
  2778 | D:3      | Noticed an angel
  2779 | D:3      | Found a glowing silver altar of Zin.
  3034 | D:4      | Reached skill level 1 in Hexes
  3034 | D:4      | Reached skill level 1 in Summonings
  3034 | D:4      | Reached skill level 1 in Necromancy
  3034 | D:4      | Reached skill level 1 in Translocations
  3034 | D:4      | Reached skill level 1 in Transmutations
  3034 | D:4      | Reached skill level 1 in Fire Magic
  3034 | D:4      | Reached skill level 1 in Ice Magic
  3034 | D:4      | Reached skill level 1 in Air Magic
  3034 | D:4      | Reached skill level 1 in Earth Magic
  3034 | D:4      | Reached skill level 1 in Poison Magic
  3035 | D:4      | Identified the +0 ring mail of Foolhardiness {rElec}
  3054 | D:4      | Reached XP level 5. HP: 28/37 MP: 1/12
  3181 | D:4      | Noticed Edmund
  3196 | D:4      | HP: 2/37 [Edmund/+1 flail of protection (7)]
  3198 | D:4      | Gained mutation: Your mind is acute. (Int +4, Str/Dex -1)
                  | [potion of mutation]
  3198 | D:4      | Lost mutation: Your mind is acute. (Int +4, Str/Dex -1)
                  | [potion of mutation]
  3198 | D:4      | Gained mutation: You have large cloven feet. [potion of
                  | mutation]
  3199 | D:4      | Mangled by Edmund

Vanquished Creatures
  An orc priest (D:4)
  3 adders
  A dart slug (D:3)
  5 orcs
  4 bats
  8 endoplasms
  2 giant cockroaches
  7 hobgoblins
  2 kobolds
  3 quokkas
  8 ball pythons
  3 frilled lizards
  4 goblins
  5 rats
56 creatures vanquished.
